Map: Para Site LE

Players

kale

  • Race: Zerg Zerg
  • League: Master
  • Spawn Location: 11:00

Qolt - Winner!

  • Race: Terran Terran
  • League: Master
  • Spawn Location: 5:00

VOD

Have the link to the VOD?

Description

74 kill ghost??

Time

  • Played on: Aug. 16, 2018, 11:01 p.m.
  • Length: 23:52
Show
View Real Time Build Order
Export as new Build Order

kale Zerg 

Build Orders: Hatch First 

Get SALT Encoding   

  12  0:01  Drone  
  13  0:13  Overlord  
  13  0:17  Drone  
  14  0:31  Drone x2  
  16  0:36  Drone  
  17  0:53  Hatchery  
  17  0:55  Drone  
  17  0:58  Drone  
  18  1:11  Extractor  
  17  1:13  Spawning Pool  
  17  1:16  Drone  
  17  1:20  Drone  
  18  1:28  Drone  
  19  1:40  Overlord  
  19  1:50  Drone  
  20  1:59  Queen  
  22  2:05  Queen  
  24  2:09  Drone x2  
  24  2:12  Drone  
  27  2:17  Metabolic Boost  
  27  2:20  Zergling x2  
  27  2:22  Zergling x2  
  29  2:27  Zergling x2  
  30  2:34  Extractor  
  29  2:38  Overlord  
  29  2:40  Queen  
  32  2:52  Hatchery  
  31  2:59  Drone x4  
  31  3:00  Drone  
  35  3:06  Drone  
  35  3:10  Drone x3  
  39  3:15  Drone  
  39  3:16  Drone  
  39  3:19  Overlord  
  41  3:24  Drone x2  
  43  3:38  Drone x2  
  43  3:39  Drone x2  
  47  3:46  Overlord, Extractor x2  
  45  3:51  Drone x2  
  45  3:53  Lair  
  47  3:57  Drone x2  
  47  3:59  Overlord x2  
  47  4:00  Overlord  
  49  4:06  Zergling x2  
  49  4:07  Zergling x4  
  52  4:10  Queen  
  52  4:15  Baneling Nest  
  53  4:18  Drone  
  53  4:19  Queen  
  56  4:26  Zergling x2  
  56  4:27  Zergling x6  
  59  4:39  Zergling x2  
  59  4:40  Zergling x8  
  64  4:48  Drone x4  
  68  4:53  Drone  
  68  4:54  Drone  
  68  4:55  Overlord  
  68  4:56  Overlord  
  70  5:03  Centrifical Hooks  
  70  5:09  Drone x2  
  70  5:10  Overlord  
  70  5:13  Evolution Chamber  
  69  5:15  Queen, Evolution Chamber  
  69  5:18  Baneling  
  69  5:19  Baneling x6  
  69  5:20  Baneling  
  69  5:21  Baneling  
  69  5:34  Spore Crawler  
  58  5:42  Drone  
  59  5:43  Drone x12  
  71  5:56  Overlord x3  
  71  6:00  Zerg Ground Armor Level 1  
  70  6:08  Zergling x14  
  67  6:36  Drone x3  
  67  6:37  Drone x3  
  67  6:38  Drone  
  74  6:42  Drone x2  
  76  6:58  Zerg Melee Weapons Level 1  
  76  7:02  Overlord x2, Hatchery  
  76  7:07  Zergling x18  
  84  7:09  Baneling, Hatchery  
  84  7:10  Baneling  
  84  7:11  Baneling x4  
  84  7:15  Zergling x10  
  88  7:21  Queen  
  88  7:22  Zergling x2  
  91  7:23  Zergling x6  
  94  7:31  Zergling x2  
  94  7:32  Zergling x4  
  94  7:34  Overlord x2  
  94  7:35  Overlord  
  94  7:36  Hydralisk Den  
  96  7:43  Drone x5  
  101  7:49  Drone  
  101  7:50  Drone x3  
  105  8:04  Drone  
  105  8:05  Drone x6  
  112  8:08  Spore Crawler  
  112  8:11  Spore Crawler  
  110  8:16  Baneling x14  
  110  8:17  Baneling x4, Zergling x2  
  110  8:18  Zergling x16  
  119  8:23  Zergling x2  
  119  8:24  Zergling x2  
  110  8:40  Zergling x20  
  104  8:43  Baneling x6  
  104  8:47  Queen  
  104  8:48  Queen  
  106  8:55  Zergling x2  
  104  8:56  Zergling x16  
  104  9:02  Zergling x2  
  108  9:03  Zergling x8  
  109  9:12  Hydralisk x5  
  117  9:17  Baneling x4  
  117  9:18  Baneling x10  
  117  9:20  Zergling x2  
  117  9:21  Zergling x16  
  117  9:23  Muscular Augments  
  126  9:26  Hydralisk x3  
  132  9:39  Hydralisk  
  132  9:40  Hydralisk x3  
  132  9:41  Zergling x2  
  132  9:42  Zergling x6  
  144  9:47  Overlord  
  144  9:48  Overlord x2  
  144  9:56  Drone  
  144  9:57  Drone x7  
  144  9:59  Extractor  
  151  10:00  Extractor  
  151  10:03  Queen  
  152  10:14  Zergling x20  
  153  10:15  Zergling x8  
  162  10:28  Zergling x10  
  148  10:34  Zerg Ground Armor Level 2  
  148  10:35  Zerg Melee Weapons Level 2  
  152  10:39  Zergling x22  
  152  10:42  Baneling x6  
  163  10:44  Zergling x8  
  167  10:52  Drone  
  167  10:53  Drone x3  
  171  10:57  Extractor x2  
  171  10:58  Drone x2  
  171  11:04  Grooved Spines  
  171  11:06  Infestation Pit  
  171  11:08  Overlord x2, Drone  
  171  11:09  Overlord  
  171  11:24  Hatchery  
  165  11:30  Hatchery  
  141  12:01  Zergling x64  
  168  12:15  Zergling x2  
  169  12:16  Zergling x26  
  169  12:21  Drone  
  183  12:23  Drone, Queen  
  183  12:29  Hive  
  186  12:37  Drone  
  186  12:38  Drone x12  
  163  12:55  Zergling x2  
  163  12:56  Zergling x20  
  164  13:01  Zergling x20  
  174  13:11  Zergling x20  
  131  13:34  Hydralisk x17  
  165  13:44  Baneling  
  165  13:45  Baneling x20  
  165  13:46  Baneling x2  
  165  13:48  Zerg Ground Armor Level 3, Zerg Melee Weapons Level 3  
  157  13:49  Adrenal Glands  
  157  13:50  Zergling x2  
  157  13:51  Zergling x20  
  157  13:53  Zergling x2  
  169  13:57  Zergling x2  
  169  13:58  Zergling x10  
  169  14:02  Zergling x2  
  176  14:03  Zergling x6  
  176  14:07  Zergling x4  
  176  14:08  Zergling x6  
  184  14:10  Viper x2  
  184  14:14  Zergling x12  
  196  14:22  Zergling x6  
  188  14:34  Zergling x6  
  188  14:35  Zergling x18  
  168  14:55  Viper x2  
  132  15:09  Zergling x2  
  132  15:10  Zergling x36  
  149  15:22  Pneumatized Carapace  
  149  15:24  Overseer x2  
  149  15:29  Hatchery  
  149  15:33  Zergling x24  
  160  15:41  Hatchery  
  160  15:42  Baneling x12  
  159  15:43  Baneling x3, Zergling x4  
  159  15:44  Zergling x8  
  159  15:49  Hatchery  
  164  15:56  Extractor  
  164  15:57  Zergling x16  
  164  16:00  Extractor  
  171  16:11  Extractor, Zergling x8  
  171  16:12  Zergling x8  
  144  16:37  Viper x2  
  139  16:41  Zergling x16  
  147  16:54  Drone x2  
  149  17:05  Extractor  
  148  17:11  Hatchery  
  148  17:12  Zergling x20  
  157  17:16  Drone  
  157  17:17  Drone x3  
  157  17:22  Drone  
  162  17:23  Drone x5  
  154  17:48  Zergling x8  
  154  17:49  Zergling x22  
  166  18:17  Zergling x8  
  166  18:18  Zergling x18  
  178  18:23  Baneling x8  
  178  18:24  Baneling x6, Hydralisk x2  
  181  18:29  Ultralisk Cavern  
  176  18:34  Zergling x2  
  176  18:35  Zergling x6  
  180  18:43  Overlord x3  
  180  18:47  Extractor  
  179  18:51  Hatchery  
  179  18:54  Zergling x2  
  179  18:55  Zergling x14  
  186  19:03  Zerg Missile Weapons Level 1  
  186  19:10  Hatchery  
  186  19:12  Zergling x2  
  186  19:13  Zergling x12  
  186  19:16  Zergling x6  
  189  19:18  Baneling  
  189  19:19  Baneling x3  
  147  19:36  Zergling x2  
  147  19:37  Zergling x18  
  151  19:43  Ultralisk  
  157  19:50  Chitinous Plating  
  157  19:57  Ultralisk x2  
  169  20:01  Drone x3  
  172  20:07  Drone  
  172  20:08  Drone x4  
  172  20:11  Drone x2  
  172  20:12  Drone  
  152  20:33  Drone  
  152  20:34  Drone x5  
  158  20:38  Extractor  
  158  20:41  Extractor  
  156  20:48  Overseer  
  156  20:49  Overseer  
  156  21:16  Hatchery  
  156  21:17  Ultralisk  
  156  21:18  Zergling x2  
  106  21:36  Drone x5  
  106  21:37  Drone x4  
  115  21:52  Infestor  
  115  21:53  Infestor x2  
  121  22:01  Infestor  
  121  22:05  Infestor  
  125  22:12  Zergling x2  
  125  22:13  Zergling x6  
  115  22:36  Hydralisk x2  
  115  22:37  Hydralisk x2  
  125  22:50  Drone x4  
  125  23:12  Zergling x18  
Show
View Real Time Build Order
Export as new Build Order

Qolt Terran - Winner!

Build Orders: Liberator Opening, Reaper Expand, Bio Tank 

Get SALT Encoding   

  12  0:00  SCV  
  13  0:12  SCV  
  14  0:17  Supply Depot  
  14  0:24  SCV  
  14  0:27  Refinery  
  15  0:39  SCV  
  16  0:44  Barracks  
  16  0:51  SCV  
  17  1:03  SCV  
  18  1:15  SCV  
  19  1:31  Orbital Command, Reaper  
  20  1:42  Command Center  
  20  1:54  Factory  
  20  1:57  SCV  
  21  2:08  Barracks Reactor  
  21  2:09  SCV  
  21  2:11  Supply Depot  
  22  2:21  Refinery, SCV  
  23  2:33  SCV  
  24  2:45  SCV  
  24  2:49  Starport  
  24  2:51  Hellion x2  
  29  2:58  Orbital Command, SCV  
  30  3:05  Barracks Tech Lab  
  30  3:10  SCV  
  30  3:12  Hellion x2  
  35  3:22  SCV  
  35  3:24  SCV  
  35  3:26  Supply Depot  
  37  3:29  Viking  
  37  3:33  Stimpack  
  39  3:39  SCV  
  39  3:40  SCV  
  41  3:44  Liberator  
  41  3:46  Hellion x2  
  45  3:52  Supply Depot, SCV x2  
  47  3:58  Marine  
  51  4:10  SCV  
  51  4:11  SCV  
  51  4:14  Hellion x2  
  51  4:16  Marine  
  58  4:19  Supply Depot  
  58  4:28  SCV x2  
  60  4:34  Command Center  
  60  4:46  Barracks  
  60  4:47  Barracks  
  60  4:49  Factory Tech Lab  
  60  4:54  Supply Depot, SCV x2  
  60  4:58  Refinery  
  60  4:59  Refinery, Marine  
  63  5:01  Starport Reactor  
  63  5:06  SCV x2  
  65  5:07  Supply Depot  
  65  5:18  Supply Depot, SCV x2  
  67  5:21  Siege Tank  
  67  5:22  Marine  
  69  5:36  Marine x2  
  69  5:37  Barracks Reactor  
  69  5:39  SCV x2  
  69  5:42  Medivac x2  
  77  5:46  Supply Depot  
  77  5:49  Orbital Command  
  77  5:51  SCV x2  
  77  5:53  Siege Tank  
  79  6:03  SCV x2  
  79  6:17  SCV x2  
  79  6:18  SCV  
  79  6:23  Marine x5  
  81  6:26  Siege Tank  
  77  6:33  Medivac x2  
  81  6:40  Engineering Bay  
  81  6:41  Marine x2  
  81  6:42  Marine  
  81  6:43  Engineering Bay, Barracks, Marine x2  
  81  6:45  Barracks  
  86  6:52  Orbital Command  
  86  6:53  Supply Depot  
  86  6:57  SCV x2  
  86  6:58  Siege Tank  
  86  6:59  Marine x2  
  93  7:07  Marine x3  
  96  7:09  Medivac  
  96  7:10  Medivac  
  100  7:16  Marine  
  100  7:20  Supply Depot  
  100  7:21  Combat Shield  
  101  7:25  SCV x3  
  101  7:29  Refinery x2  
  104  7:33  Barracks Reactor, Marine x2  
  106  7:37  SCV x3  
  106  7:38  Supply Depot  
  106  7:40  Marine x2  
  106  7:41  Barracks Tech Lab  
  111  7:52  Marine x3  
  111  7:54  Siege Tank  
  111  7:58  Marine x2  
  117  7:59  Terran Infantry Weapons Level 1  
  117  8:05  SCV x3  
  121  8:06  Command Center  
  121  8:11  Marine x6  
  128  8:16  Marine x2  
  128  8:17  SCV x2  
  128  8:18  SCV  
  133  8:29  SCV, Marine x6  
  139  8:41  Marine x2  
  122  8:46  Terran Infantry Armor Level 1, Barracks  
  122  8:47  Marine  
  125  8:50  Barracks  
  125  8:57  Armory, Medivac x2  
  129  9:03  Marine x2  
  129  9:04  Marine x6  
  130  9:17  Siege Tank  
  130  9:21  Marine x4  
  130  9:22  Marine x2  
  139  9:27  Medivac x2  
  139  9:30  Supply Depot, Marine  
  139  9:31  Marine  
  143  9:39  Marine x4  
  143  9:40  Marine x2  
  143  9:42  Barracks Tech Lab x2  
  149  9:45  Ghost Academy  
  149  9:46  Terran Vehicle And Ship Armor Level 1  
  149  9:48  Marine  
  149  9:49  Widow Mine, SCV x2  
  154  9:53  Planetary Fortress  
  154  9:58  Marine x3  
  154  9:59  Marine x4  
  161  10:01  Refinery  
  161  10:05  Refinery  
  161  10:06  Marine  
  162  10:08  Terran Infantry Weapons Level 2  
  162  10:12  Factory  
  162  10:16  Marine  
  162  10:19  Siege Tank  
  158  10:28  Marine  
  138  10:29  Marine x8  
  138  10:34  Marine  
  148  10:46  Marine x2  
  148  10:47  Marine  
  148  10:48  Marine  
  148  10:49  Marauder x3  
  160  10:50  Concussive Shells  
  160  10:51  Siege Tank  
  160  10:52  Marine  
  164  10:58  Medivac  
  164  11:10  Supply Depot  
  164  11:11  Supply Depot  
  164  11:12  Supply Depot  
  164  11:13  Supply Depot  
  164  11:14  Command Center  
  164  11:15  Barracks Reactor  
  164  11:32  Marauder, Marine x6, Medivac  
  175  11:33  Marauder  
  173  11:42  Terran Infantry Armor Level 2  
  173  11:43  Terran Vehicle And Ship Armor Level 2  
  154  11:49  Marine  
  154  11:52  Marine x3  
  154  11:53  Marauder x2, Marine  
  154  11:54  Marauder x2  
  150  12:00  Marine  
  143  12:07  Marine  
  137  12:10  Marine x2  
  137  12:12  Factory Reactor, Drilling Claws  
  137  12:14  Marauder x2  
  137  12:15  Marauder  
  144  12:16  Marauder, Marine x2  
  144  12:18  Marine  
  147  12:31  Terran Infantry Weapons Level 3  
  147  12:32  Marine x3  
  147  12:34  Personal Cloaking, Marine  
  147  12:35  Marauder x2  
  147  12:36  Ghost x2  
  159  12:40  Marine x2  
  161  12:50  Marine x3  
  148  12:56  Ghost  
  148  12:57  Marauder  
  120  12:59  Marine x3  
  120  13:01  Siege Tank, Hellbat x2  
  120  13:05  Marauder x2  
  128  13:08  Marine x3  
  128  13:17  Marine x3  
  128  13:18  Marauder  
  127  13:25  Marauder  
  127  13:26  Marauder, Marine x2  
  135  13:27  Marauder  
  135  13:28  Marine  
  132  13:35  Marine  
  132  13:40  Marauder, Planetary Fortress  
  135  13:47  Marauder  
  135  13:48  Marauder x2  
  141  13:50  Marine x5  
  141  13:53  Marine  
  147  14:01  Marauder  
  149  14:05  Medivac x2  
  149  14:08  Marauder, Siege Tank, Marine x3  
  149  14:09  Marauder  
  165  14:10  Marauder  
  165  14:17  Marine x3  
  165  14:21  Widow Mine x2  
  165  14:22  Marauder  
  174  14:26  Marine  
  174  14:29  Marauder  
  124  15:02  Marauder, Marine x5  
  124  15:03  Marauder x3  
  124  15:05  Siege Tank, Widow Mine x2  
  124  15:06  Medivac x2  
  126  15:12  Nuke  
  115  15:16  Refinery  
  115  15:17  Refinery  
  113  15:22  Marine x6, Command Center  
  113  15:24  Marauder x3, Marine  
  126  15:29  Widow Mine x2  
  126  15:31  Terran Vehicle And Ship Armor Level 3  
  130  15:36  Medivac x2  
  130  15:40  Marine x4  
  138  15:45  Sensor Tower  
  138  15:47  Supply Depot  
  140  15:50  Marauder x2, Marine x3  
  140  15:51  Marauder  
  140  15:53  Widow Mine  
  140  15:55  Widow Mine x2  
  153  15:57  Marine x2  
  153  15:58  Marine  
  156  16:06  Medivac x2  
  156  16:08  Marauder  
  161  16:23  Marine  
  161  16:24  Marauder x3, Marine x5  
  173  16:30  Marauder  
  112  16:41  Marine x2  
  112  16:42  Marine x2  
  112  16:45  Marauder  
  112  16:46  Marauder x2  
  119  16:51  SCV x2  
  119  16:52  SCV x2  
  123  16:57  Marauder, Marine x2  
  127  17:01  Terran Infantry Armor Level 3  
  127  17:03  SCV  
  127  17:05  Thor  
  127  17:06  Widow Mine x2  
  127  17:07  Marauder, Medivac x2  
  144  17:15  Structure Armor  
  144  17:19  Marauder x3, Marine x3  
  153  17:27  SCV x4  
  157  17:39  SCV x2  
  143  17:46  Marauder, Marine x3  
  143  17:47  Marauder x2  
  143  17:49  SCV x2  
  147  17:54  Marauder, Marine  
  150  18:03  Marine x2  
  150  18:04  Marine  
  153  18:06  Marine x2  
  153  18:07  Marine x2  
  153  18:08  Marine  
  153  18:12  SCV x4  
  161  18:27  Marauder x2, Marine x3  
  166  18:35  Marauder, Marine x3  
  166  18:36  Ghost  
  173  18:44  Widow Mine x2  
  173  18:46  SCV  
  173  18:48  Ghost x2  
  184  18:55  Refinery x2  
  188  18:56  Ghost  
  193  19:11  Hellbat x3  
  193  19:12  Marine x5  
  193  19:29  Marine x4  
  193  19:30  Marine x5  
  154  19:33  Hellbat  
  153  19:49  Marauder x2, Marine x6  
  153  19:50  Marauder x2  
  167  19:59  Medivac x2  
  171  20:02  Widow Mine x3  
  171  20:06  Marine  
  178  20:08  Planetary Fortress  
  178  20:11  Marauder x4  
  178  20:12  Command Center  
  186  20:24  Hellbat  
  186  20:25  Hellbat x2  
  192  20:30  Nuke  
  192  20:35  Marine x2  
  192  20:36  Marine  
  195  20:46  Hellbat  
  195  20:48  Ghost  
  199  20:53  Infernal Pre-Igniter  
  199  21:02  Hi-Sec Auto Tracking  
  199  21:07  Ghost Academy  
  199  21:19  Nuke  
  188  21:35  Marine  
  188  21:36  Marauder x4, Marine x3  
  200  22:02  Ghost Academy  
  200  22:04  Nuke  
  154  22:41  Medivac  
  154  22:42  Medivac  
  158  23:01  Nuke x2  
  158  23:02  Nuke  
  158  23:11  Medivac  
  158  23:12  Medivac  
  162  23:21  Ghost x2  
  162  23:22  Marine x2, Ghost x2  
  162  23:23  Marine x4  
Tags
 
Add a new tag
Caveats
  • Supply blocks, unpowered buildings, or Contaminate may cause inaccurate times.
  • Supply counts are checked every 10 seconds.